 Dungeon Crawl Stone Soup version 0.21.1-1-g345015f (webtiles) character file.

21 Iko the Charmwright (level 2, 0/13 HPs)
             Began as a Felid Skald on June 14, 2018.
             Slain by Terence
             ... wielding a +0 mace
              (3 damage)
             ... on level 2 of the Dungeon.
             The game lasted 00:03:38 (499 turns).

Iko the Charmwright (Felid Skald)                    Turns: 499, Time: 00:03:39

Health: 0/13       AC:  1    Str:  7    XL:     2   Next: 65%
Magic:  2/6        EV: 19    Int: 14    God:
Gold:   19         SH:  0    Dex: 15    Spells: 4/5 levels left
                                        Lives:  0   Deaths: 0

rFire    . . .     SeeInvis +     - Unarmed
rCold    . . .     Gourm    .   (shield unavailable)
rNeg     . . .     Faith    .   (armour unavailable)
rPois    .         Spirit   .   (helmet unavailable)
rElec    .         Reflect  .   (cloak unavailable)
rCorr    .         Harm     .   (gloves unavailable)
MR       .....                  (boots unavailable)
Stlth    +++.......             (no amulet)
HPRegen  0.04/turn              d - ring of stealth
MPRegen  0.10/turn              (no ring)

@: infused, quick
A: very small, no armour, no weapons or thrown items, stealth, claws 1, fangs 3,
see invisible, carnivore, speed 1, shaggy fur 1, slow metabolism 1, sharp paws
a: no special abilities


You were on level 2 of the Dungeon.
You were not hungry.

You visited 1 branch of the dungeon, and saw 2 of its levels.

You collected 19 gold pieces.

Inventory:

Jewellery
 d - a ring of stealth (left paw)
 h - a cursed ring of teleportation
Scrolls
 c - 2 scrolls of remove curse
 f - a scroll of teleportation
Potions
 g - a potion of flight
Books
 a - a book of Battle

   Spells                             Type                      Level
   a - Infusion                       Charms                       1
   b - Shroud of Golubria             Charms/Translocation         2
   c - Song of Slaying                Charms                       2
   d - Spectral Weapon                Hexes/Charms                 3
   e - Regeneration                   Charms/Necromancy            3
Comestibles
 b - 2 rations


   Skills:
 + Level 2.0 Fighting
 + Level 3.6 Dodging
 + Level 0.4 Stealth
 + Level 2.1 Unarmed Combat
 + Level 2.1 Spellcasting
 + Level 4.2 Charms


You had 4 spell levels left.
You knew the following spells:

 Your Spells              Type           Power        Failure   Level  Hunger
a - Infusion              Chrm           ##..         4%          1    ##.....


Dungeon Overview and Level Annotations

Branches:
Dungeon (2/15)

Altars:
Ashenzari
Hepliaklqana
Xom

Annotations:
D:2 Terence


Innate Abilities, Weirdness & Mutations

You cannot wear armour.
You are incapable of wielding weapons or throwing items.
Your paws allow you to move quietly. (Stealth)
You have sharp claws.
You have razor-sharp teeth.
You have supernaturally acute eyesight. (SInv)
You are carnivorous and can eat meat at any time.
You cover ground quickly.
You are covered in fur. (AC +1)
You have a slow metabolism.
Your sharp claws are effective at attacking unaware monsters.


Message History

You scratch Terence.
Terence is lightly wounded.
Terence misses you.
You scratch Terence but do no damage.
Terence is lightly wounded.
Terence closely misses you.
You scratch Terence.
Terence is lightly wounded.
Terence hits you with a mace!
Ouch! That really hurt!
* * * LOW HITPOINT WARNING * * *
You scratch Terence but do no damage. Your bite misses Terence.
Terence is lightly wounded.
You scratch Terence. You claw Terence, but do no damage.
Terence is moderately wounded.
Terence barely misses you.
You scratch Terence.
Terence is moderately wounded.
Terence hits you with a mace.
You die...

.....# #....# .. ###
#....# ...
...##....####...#.#.# #
##..................####
#................<......
#.....................
#.............##..#...
#.#.#@..####.###......
#....@..##.....#P.#.##
#........P..⌠.........
#.......#.P..P..P.....
#.#.....##_._._###..##
#.#...#..P##P..#...... #
#...#### ##..#.#...#
#...# #..#.#.... #...
......†........


You could see Terence.

Vanquished Creatures
  A leopard gecko (D:1)
  3 bats
  A giant cockroach (D:1)
  2 goblins (D:1)
  A hobgoblin (D:1)
  4 jackals (D:1)
  A quokka (D:2)
  A frilled lizard (D:1)
  2 kobolds (D:1)
  3 rats (D:1)
19 creatures vanquished.

Notes
Turn   | Place    | Note
-------+----------+-------------------------------------------
     0 | D:1      | Iko the Felid Skald began the quest for the Orb.
     0 | D:1      | Reached XP level 1. HP: 9/9 MP: 4/4
   134 | D:1      | Reached XP level 2. HP: 10/13 MP: 1/6
   186 | D:1      | Reached skill level 4 in Charms
   450 | D:2      | Found a shimmering altar of Xom.
   452 | D:2      | Found a shattered altar of Ashenzari.
   454 | D:2      | Found a hazy altar of Hepliaklqana.
   480 | D:2      | Noticed Terence
   499 | D:2      | Slain by Terence

Skill      XL: |  1  2 |
---------------+-------+-----
Charms         | 4 |  4.2
Fighting       | |  2.0
Dodging        | |  3.6
Stealth        | |  0.4
Unarmed Combat | |  2.1
Spellcasting   | |  2.1

Action                   || total
-------------------------++-------
Melee: Unarmed           ||    63
       Bite              ||     2
       Punch             ||     1
 Cast: Infusion          ||     5
  Use: Scroll            ||     7
       Potion            ||     4
 Stab: Sleeping          ||     4
Armor: Skin              ||     7
Dodge: Dodged            ||    49
